 Dungeon Crawl Stone Soup version 0.25-a0-42-g6c54e25894 (webtiles) character file.

Game seed: 7885282895790450261, levelgen mode: deterministic

179 Fingolfin the Magician (level 5, -1/42 HPs)
             Began as a Naga Wizard on Oct 22, 2019.
             Slain by a hound skeleton (2 damage)
             ... on level 4 of the Dungeon.
             The game lasted 00:08:15 (2309 turns).

Fingolfin the Magician (Naga Wizard)                Turns: 2309, Time: 00:08:15

Health: -1/42      AC:  2    Str:  9    XL:     5   Next: 59%
Magic:  0/10       EV: 10    Int: 19    God:
Gold:   141        SH:  0    Dex: 10    Spells: 2/11 levels left

rFire    . . .     SeeInvis +   m - +0 short sword
rCold    . . .     Gourm    .   (no shield)
rNeg     . . .     Faith    .   a - +0 robe
rPois    +         Spirit   .   b - +0 hat
rElec    .         Reflect  .   (no cloak)
rCorr    .         Harm     .   (no gloves)
MR       .....                  (no barding)
Stlth    ++........             (no amulet)
HPRegen  0.14/turn              (no ring)
MPRegen  0.12/turn              (no ring)

@: very slow
A: large, see invisible, deformed body, poison resistance, slowness 2, slow
metabolism 1, spit poison 1, AC +1
a: Spit Poison


You were on level 4 of the Dungeon.
You were not hungry.

You visited 1 branch of the dungeon, and saw 4 of its levels.

You collected 141 gold pieces.

Inventory:

Hand Weapons
 m - a +0 short sword (weapon)
Armour
 a - a +0 robe (worn)
 b - a +0 hat (worn)
Wands
 q - a wand of flame (25)
Scrolls
 f - 2 scrolls of teleportation {unknown}
 g - a scroll of fear {unknown}
 h - a scroll of immolation {unknown}
 i - 5 scrolls of identify {unknown}
 k - a scroll of amnesia {unknown}
 n - a scroll of random uselessness {unknown}
Potions
 c - a potion of cancellation {unknown}
 e - a potion of degeneration {unknown}
 j - 3 potions of heal wounds {unknown}
 l - a potion of magic {unknown}
 o - a potion of lignification {unknown}
 p - a potion of curing {unknown}
Comestibles
 d - 3 rations
 r - 3 chunks of flesh


   Skills:
 - Level 1.5 Dodging
 - Level 3.0 Stealth
 - Level 3.6 Spellcasting
 + Level 2.6 Conjurations
   Level 1.0 Summonings
 - Level 2.0 Translocations
 + Level 1.6 Fire Magic
 + Level 1.6 Air Magic
 - Level 2.1 Poison Magic


You had 2 spell levels left.
You knew the following spells:

 Your Spells              Type           Power        Failure   Level  Hunger
a - Magic Dart            Conj           ##..         4%          1    None
b - Blink                 Tloc           N/A          10%         2    ##.....
c - Conjure Flame         Conj/Fire      ##......     19%         3    ###....
d - Mephitic Cloud        Conj/Pois/Air  ##......     19%         3    ###....

Your spell library contained the following spells:

 Spells                   Type           Power        Failure   Level  Hunger
 Call Imp                 Summ           #.......     14%         2    ##.....
 Slow                     Hex            #.......     22%         2    ##.....


Dungeon Overview and Level Annotations

Branches:
Dungeon (4/15)
 Temple: D:4-7

Altars:
Wu Jian


Innate Abilities, Weirdness & Mutations

You cannot wear boots.
Your serpentine skin is tough. (AC +1)
You have supernaturally acute eyesight. (SInv)
Armour fits poorly on your strangely shaped body.
Your system is resistant to poisons. (rPois)
You cover ground very slowly.
You have a slow metabolism.
You can spit poison.


Message History

Aiming: Magic Dart (safe; 4% risk of failure)
Press: ? - help, Shift-Dir - straight line, f - hound skeleton
Aim: a hound skeleton (moderately damaged)
The magic dart hits the hound skeleton.
The hound skeleton is moderately damaged.
The hound skeleton closely misses you.
You barely miss the hound skeleton.
The hound skeleton is moderately damaged.
The hound skeleton completely misses you.
The hound skeleton bites you.
* * * LOW HITPOINT WARNING * * *
You hit the hound skeleton.
The hound skeleton is moderately damaged.
The hound skeleton misses you.
You hit the hound skeleton.
The hound skeleton is severely damaged.
The hound skeleton bites you.
* * * LOW HITPOINT WARNING * * *
The hound skeleton bites you.
You die...

##################.#
#................#..
##.##############.#.#
#....# #.#.# #..#.#
###'#.. #..#.#
#...... #..#.#
#...... #####)#
#...... #...Z@#
##.....
..!$...........
#.....
....†..........
#.....
...†...........
#.....
...............
#.....
...............
#.....
...............
#(.[..
...............
#..... #.....


You could see a hound skeleton.

Vanquished Creatures
  A hound (D:4)
  An iguana (D:4)
  5 adders
  4 worms
  A dart slug (D:3)
  A leopard gecko (D:3)
  5 orcs
  A ball python (D:3)
  A giant cockroach (D:3)
  7 goblins
  6 hobgoblins
  3 jackals (D:4)
  6 kobolds
  2 quokkas
  9 bats
  5 frilled lizards
  7 rats
65 creatures vanquished.

Notes
Turn   | Place    | Note
-------+----------+-------------------------------------------
     0 | D:1      | Fingolfin the Naga Wizard began the quest for the Orb.
     0 | D:1      | Reached XP level 1. HP: 15/15 MP: 4/4
   316 | D:1      | Reached XP level 2. HP: 21/22 MP: 0/6
   322 | D:1      | Learned a level 2 spell: Blink
   807 | D:2      | Reached XP level 3. HP: 28/28 MP: 6/8
   812 | D:2      | Learned a level 3 spell: Conjure Flame
   816 | D:2      | Learned a level 3 spell: Mephitic Cloud
  1214 | D:2      | Reached skill level 1 in Poison Magic
  1214 | D:2      | Reached XP level 4. HP: 36/36 MP: 5/9
  1255 | D:2      | You fall into a shaft and drop 1 floor!
  1255 | D:3      | Found an ornate altar of the Wu Jian Council.
  1517 | D:3      | Reached skill level 1 in Air Magic
  1626 | D:3      | Reached skill level 1 in Fire Magic
  2104 | D:3      | Reached XP level 5. HP: 42/42 MP: 7/10
  2309 | D:4      | HP: 1/42 [hound skeleton (3)]
  2309 | D:4      | Slain by a hound skeleton

Levels and vault maps discovered:
D:1:      dpeg_arrival_pond, layout_basic, minmay_misc_feat_encased
D:2:      layout_rooms
D:3:      layout_loops_ring, nicolae_overflow_crystal_walls, first_ration
D:4:      layout_basic, overflow_temple_1_default, gammafunk_ghost_stat_death,
          corexii_shack, grunt_decor_mini_mirrors, abandoned_shop, uniq_duvessa

Skill      XL: |  1  2  3  4  5 |
---------------+----------------+-----
Conjurations   | 2 |  2.6
Poison Magic   | 1 2 |  2.1
Air Magic      | 1 |  1.6
Fire Magic     | 1 |  1.6
Translocations | 2 |  2.0
Dodging        | |  1.5
Stealth        | |  3.0
Spellcasting   | |  3.6
Summonings     | |  1.0

Action                   |  1- 3 |  4- 6 || total
-------------------------+-------+-------++-------
Melee: Dagger            |     1 |       ||     1
       Short sword       |       |    12 ||    12
 Cast: Magic Dart        |    49 |    62 ||   111
 Abil: Spit Poison       |    20 |    22 ||    42
  Eat: Chunk             |     1 |     2 ||     3
       Ration            |       |     1 ||     1
Armor: Robe              |     3 |     5 ||     8
Dodge: Dodged            |     4 |    22 ||    26

Table legend:
 A = Non-vault XP
 B = Vault XP
 C = Vault XP percentage of total XP
 D = Non-vault monster count
 E = Vault monster count
 F = Vault count percentage of total count
                 A         B        C        D         E       F
            +---------+---------+-------+---------+---------+-------
      Total |     256 |       0 |   0.0 |      65 |       0 |   0.0
            +---------+---------+-------+---------+---------+-------
        D:1 |      19 |       0 |   0.0 |      14 |       0 |   0.0
        D:2 |      80 |       0 |   0.0 |      17 |       0 |   0.0
        D:3 |      67 |       0 |   0.0 |      25 |       0 |   0.0
        D:4 |      90 |       0 |   0.0 |       9 |       0 |   0.0
            +---------+---------+-------+---------+---------+-------
